 Dungeon Crawl Stone Soup version 0.28-a0-114-g2bf3c13a2f (webtiles) character file.

Game seed: 12797046681991590862

285 voltaire321 the Magician (level 6, -4/35 HPs)
             Began as a Deep Elf Hedge Wizard on Aug 12, 2021.
             Slain by Natasha (6 damage)
             ... on level 4 of the Dungeon.
             The game lasted 00:18:22 (5605 turns).

voltaire321 the Magician (Deep Elf Hedge Wizard)    Turns: 5605, Time: 00:18:23

Health: -4/35      AC:  4    Str:  7    XL:     6   Next: 7%
Magic:  8/15       EV: 13    Int: 23    God:
Gold:   150        SH:  0    Dex: 14    Spells: 7/15 levels left

rFire   . . .      SeeInvis .   i - +0 dagger (venom)
rCold   + . .      Faith    .   (no shield)
rNeg    . . .      Spirit   .   b - +0 robe
rPois   .          Reflect  .   q - +0 helmet of Free Will {Int+2}
rElec   .          Harm     .   (no cloak)
rCorr   .          Rampage  .   (no gloves)
Will    .....                   n - +0 pair of boots
Stlth   ++........              (no amulet)
HPRegen 0.11/turn               h - ring of protection from cold
MPRegen 0.14/turn               (no ring)

@: no status effects
A: no striking features
a: no special abilities


You were on level 4 of the Dungeon.
You visited 1 branch of the dungeon, and saw 4 of its levels.

You collected 150 gold pieces.

Inventory:

Hand Weapons
 e - a +0 dagger of draining
 i - a +0 dagger of venom (weapon)
 p - a +4 dagger
Armour
 b - a +0 robe (worn)
 n - a +0 pair of boots (worn)
 q - the +0 helmet of Free Will (worn) {Int+2}
   (You took it off Robin on level 4 of the Dungeon)

   Int:       It affects your intelligence (+2).
Jewellery
 a - an amulet of guardian spirit
 h - a ring of protection from cold (left hand)
 o - a ring of willpower
Wands
 s - a wand of polymorph (7)
 t - a wand of flame (17)
Scrolls
 d - a scroll of identify {unknown}
 f - a scroll of torment {unknown}
 g - 2 scrolls of noise
 k - a scroll of fear {unknown}
 r - a scroll of enchant armour {unknown}
Potions
 c - a potion of ambrosia {unknown}
 j - 2 potions of berserk rage {unknown}
 l - 2 potions of heal wounds
 m - 2 potions of attraction {unknown}


   Skills:
 + Level 1.6 Fighting
 + Level 3.6 Dodging
 - Level 2.4 Stealth
 + Level 5.2 Spellcasting
 + Level 2.9 Conjurations
 + Level 2.7 Summonings
 + Level 2.5 Translocations
 + Level 1.8 Fire Magic


You had 7 spell levels left.
You knew the following spells:

 Your Spells              Type           Power      Damage    Failure   Level
a - Magic Dart            Conj           76%        1d6       2%          1
b - Blink                 Tloc           N/A        N/A       4%          2
c - Call Imp              Summ           18%        N/A       4%          2
d - Conjure Flame         Conj/Fire      16%        6-21      11%         3

Your spell library contained the following spells:

 Spells                   Type           Power      Damage    Failure   Level
 Ensorcelled Hibernation  Hex/Ice        12%        N/A       14%         2
 Slow                     Hex            6%         N/A       14%         2
 Sublimation of Blood     Necr           3%         N/A       14%         2
 Wereblood                Tmut           6%         N/A       14%         2
 Mephitic Cloud           Conj/Pois/Air  10%        N/A       19%         3
 Spider Form              Tmut/Pois      3%         N/A       28%         3
 Shadow Creatures         Summ           N/A        N/A       99%         6
 Summon Hydra             Summ           9%         N/A       100%        7


Dungeon Overview and Level Annotations

Branches:
Dungeon (4/15)
 Temple: D:4-7

Altars:
Gozag
Makhleb

Annotations:
D:4 Natasha


Message History

The phantom hits you. The phantom barely misses you.
You see here a ball python corpse.
You hit the phantom.
The phantom is heavily damaged.
The phantom barely misses you.
You hit the phantom but do no damage.
The phantom is heavily damaged.
Your iron imp disappears in a puff of smoke!
The phantom closely misses you. Natasha casts a spell at you.
The magic dart hits you.
* * * LOW HITPOINT WARNING * * *
You see here a scorpion corpse.
Your shadow imp hits the phantom.
Natasha wildly gestures.
Natasha glows brightly for a moment.
Natasha casts a spell at you. The magic dart hits your shadow imp.
There is an open door here.
You hear a zap.
You hear a grinding noise.
Casting: Call Imp (safe; 4% risk of failure)
Confirm with . or Enter, or press ? or * to list all spells.
A beastly little devil appears in a puff of flame.
The phantom hits you but does no damage.
Okay, then.
Casting: Call Imp (safe; 4% risk of failure)
Confirm with . or Enter, or press ? or * to list all spells.
A beastly little devil appears in a puff of flame.
The phantom hits you.
* * * LOW HITPOINT WARNING * * *
Your crimson imp closely misses the phantom.
Casting: Call Imp (safe; 4% risk of failure)
Confirm with . or Enter, or press ? or * to list all spells.
A beastly little devil appears in a puff of flame.
The phantom hits you.
* * * LOW HITPOINT WARNING * * *
Your crimson imp hits the phantom.
Natasha claws you.
You die...

#######.# #..# #. #.....#.#
##.# #. #.###.#.# #.# #. #.#
#.#.# #.# ## #.# #.#.# ######
#.### #####
#.###.#.###....###...###...##
#........##.....##...##.....##
#####.####..(...5#...#.......#
#.# #...)@W.'.^.))......# #.#
#...55h.#..)#.......# #.#
##......#...##.....##
#(######...##....###...##
#.#>.. ##### #...# #####
#.#...##...###...###...##
#.#..##.....##...##.....##
#.#<.#.......#...#.......#
#.#..#.......'.†.'....(..#


You could see a phantom (ally target), Natasha (ally target) and 3 friendly
crimson imps.

Vanquished Creatures
  A scorpion (D:4)
  A jelly (D:4)
  An orc wizard (D:3)
  An adder skeleton (D:4)
  A worm (D:4)
  3 orcs
  5 ball pythons
  8 endoplasms
  3 giant cockroaches (D:2)
  4 hobgoblins
  A jackal (D:1)
  6 kobolds
  7 bats
  4 frilled lizards
  14 goblins
  4 rats
64 creatures vanquished.

Vanquished Creatures (collateral kills)
  An ogre (D:4)
  An orc wizard (D:3)
  Robin (D:4)
  3 adders
  An adder skeleton (D:4)
  A worm (D:2)
  5 orcs
  An endoplasm (D:3)
  3 goblins
  2 hobgoblins
  A jackal (D:1)
  A kobold (D:2)
  A ball python (D:4)
  A rat (D:2)
23 creatures vanquished.

Grand Total: 87 creatures vanquished

Notes
Turn   | Place    | Note
-------+----------+-------------------------------------------
     0 | D:1      | voltaire321 the Deep Elf Hedge Wizard began the quest for
                  | the Orb.
     0 | D:1      | Reached XP level 1. HP: 10/10 MP: 7/7
   333 | D:1      | Reached XP level 2. HP: 15/15 MP: 7/9
   651 | D:1      | Learned a level 2 spell: Blink
   654 | D:1      | Learned a level 2 spell: Call Imp
  1339 | D:2      | Reached XP level 3. HP: 16/20 MP: 9/11
  1525 | D:2      | Learned a level 3 spell: Conjure Flame
  2987 | D:3      | Reached skill level 1 in Fighting
  2995 | D:3      | Reached XP level 4. HP: 25/25 MP: 4/12
  3814 | D:3      | Found a faded altar of an unknown god.
  4169 | D:4      | Reached skill level 1 in Fire Magic
  4279 | D:4      | Identified the +0 helmet of Free Will {Int+2}
  4279 | D:4      | Noticed Robin
  4338 | D:4      | Killed Robin
  4339 | D:4      | Reached XP level 5. HP: 8/29 MP: 0/14
  4604 | D:4      | Found an opulent altar of Gozag.
  4631 | D:4      | Reached skill level 5 in Spellcasting
  4634 | D:4      | Noticed an ogre
  4642 | D:4      | Found a burning altar of Makhleb.
  4649 | D:4      | Killed an ogre
  5449 | D:4      | Reached XP level 6. HP: 25/35 MP: 6/15
  5569 | D:4      | Noticed Natasha
  5605 | D:4      | Slain by Natasha

Illustrated notes

Levels and vault maps discovered:
D:1:      grunt_arrival_crossed_arrows, layout_basic
D:2:      layout_basic
D:3:      layout_loops_corners, ebering_ecumenical_altar_abandoned
D:4:      kennysheep_six_static_rooms, layout_basic,
          mainiacjoe_overflow_catwalk_spiral, uniq_natasha, uniq_robin

Skill      XL: |  1  2  3  4  5 |
---------------+----------------+-----
Conjurations   | 2 |  2.9
Dodging        | 3 |  3.6
Fighting       | 1 |  1.6
Summonings     | 2 |  2.7
Translocations | 2 |  2.5
Fire Magic     | 1 |  1.8
Spellcasting   | 5 |  5.2
Stealth        | |  2.4

Action                   |  1- 3 |  4- 6 || total
-------------------------+-------+-------++-------
Melee: Dagger            |    30 |    56 ||    86
 Cast: Magic Dart        |    87 |    49 ||   136
       Call Imp          |    20 |    28 ||    48
       Blink             |     2 |       ||     2
  Use: Scroll            |     1 |       ||     1
 Stab: Distracted        |       |     1 ||     1
       Sleeping          |       |     1 ||     1
Armor: Robe              |    18 |    10 ||    28
Dodge: Dodged            |    38 |    32 ||    70

Table legend: (Time is in decaauts)
 A = Elapsed time spent in this place.
 B = Non-inter-level travel time spent in this place.
 C = Inter-level travel time spent in this place.
 D = Time resting spent in this place.
 E = Time spent auto-exploring this place.
 F = Levels seen in this place.
 G = Mean time per level.
                   A        B        C        D        E       F      G
               +--------+--------+--------+--------+--------+-----+--------+
         Total |   5605 |   5445 |    160 |   1927 |   2604 |   4 | 1401.2 |
       Dungeon |   5605 |   5445 |    160 |   1927 |   2604 |   4 | 1401.2 |
               +--------+--------+--------+--------+--------+-----+--------+

Top non-repeatable levels by time:
     D:4: 1608 daAuts
     D:2: 1569 daAuts
     D:1: 1290 daAuts
     D:3: 1137 daAuts
